 Dungeon Crawl Stone Soup version 0.17-a0-1403-g9df874c (webtiles) character file.

67 bal the Chopper (level 3, -3/28 HPs)
             Began as a Demonspawn Gladiator on June 20, 2015.
             Slain by a worm (8 damage)
             ... on level 2 of the Dungeon.
             The game lasted 00:03:22 (1195 turns).

bal the Chopper (Demonspawn Gladiator)              Turns: 1195, Time: 00:03:22

Health: -3/28      AC:  7    Str: 19    XL:     3   Next: 98%
Magic:  3/3        EV: 12    Int:  9    God:
Gold:   39         SH:  0    Dex: 13    Spells: 1 memorised, 0 levels left

rFire  . . .     SeeInvis .     a - +0 war axe
rCold  . . .     Clarity  .     r - +0 ring mail
rNeg   . . .     SustAt   .     (no shield)
rPois  .         Gourm    .     c - +0 helmet
rElec  .         Spirit   .     (no cloak)
rCorr  .         Warding  .     s - +0 pair of gloves {Str+3}
rMut   .         Stasis   .     (no boots)
MR     .....                    (no amulet)
Stlth  +.........               (no ring)
                                (no ring)

@: not resistant to hostile enchantments, very unstealthy
A: talons 1, spiny 1
a: no special abilities


You were on level 2 of the Dungeon.
You were not hungry.

You visited 1 branch of the dungeon, and saw 2 of its levels.

You collected 39 gold pieces.

Inventory:

Hand weapons
 a - a +0 war axe (weapon)
 t - a +1 dagger of electrocution
Missiles
 d - 3 throwing nets (quivered)
Armour
 c - a +0 helmet (worn)
 r - a +0 ring mail (worn)
 s - a +0 pair of gloves of strength (worn)
Jewellery
 g - an uncursed ring of flight {unknown}
 o - an uncursed ring of protection from fire {unknown}
 p - an uncursed ring of wizardry {unknown}
Scrolls
 f - a scroll of enchant weapon {unknown}
 h - a scroll of teleportation {unknown}
 k - a scroll of fear {unknown}
 m - a scroll of enchant armour {unknown}
 n - 2 scrolls of remove curse {unknown}
Potions
 b - a potion of magic {unknown}
 l - a potion of degeneration {unknown}
 q - a potion of ambrosia {unknown}
 v - a potion of might {unknown}
 w - a potion of haste {unknown}
Books
 u - a book of Minor Magic

   Spells                             Type                      Level
   a - Magic Dart                     Conjuration                  1
   b - Blink                          Translocation                2
   c - Call Imp                       Summoning                    2
   d - Repel Missiles                 Charms/Air                   2
   e - Slow                           Hexes                        2
   f - Conjure Flame                  Conjuration/Fire             3
   g - Mephitic Cloud                 Conjuration/Poison/Air       3
Comestibles
 e - 2 bread rations
 i - a fruit
 j - a meat ration


   Skills:
 + Level 2.8 Fighting
 + Level 3.3 Axes
 + Level 2.1 Throwing
 + Level 1.0 Armour
 + Level 3.0 Dodging


You couldn't memorise any spells.
You knew the following spells:

 Your Spells              Type           Power        Failure   Level  Hunger
a - Blink                 Tloc           N/A          90%         2    ###....


Dungeon Overview and Level Annotations

Branches:
Dungeon (2/15)

Altars:
Dithmenos


Innate Abilities, Weirdness & Mutations

You have sharp toenails.
You are partially covered in sharp spines.


Message History

You are too injured to fight recklessly!
You are too injured to fight recklessly!
You are too injured to fight recklessly!
You are too injured to fight recklessly!
You are too injured to fight recklessly!
You are too injured to fight recklessly!
You are too injured to fight recklessly!
You are too injured to fight recklessly!
You are too injured to fight recklessly!
You are too injured to fight recklessly!
You barely miss the worm.
The worm is severely wounded.
You hit the worm.
The worm is almost dead.
The worm bites you.
* * * LOW HITPOINT WARNING * * *
You hit the worm but do no damage.
The worm is almost dead.
The worm bites you!
You die...

#..<..#
#.#####
####### #.#
#.#
#########.#
#.?.!..##.#
#......##.#
##......##.#
.......)##.#
#....w@...#
#......####
#......#
########


You could see a worm.

Vanquished Creatures
  Terence (D:2)
  5 giant geckos
  7 bats
  4 giant cockroaches
  5 hobgoblins
  4 jackals (D:1)
  3 kobolds (D:1)
  A ball python (D:1)
  3 goblins
  3 rats
36 creatures vanquished.

Notes
Turn   | Place    | Note
--------------------------------------------------------------
     0 | D:1      | bal the Demonspawn Gladiator began the quest for the Orb.
     0 | D:1      | Reached XP level 1. HP: 16/16 MP: 1/1
   328 | D:1      | Gained mutation: You are partially covered in sharp spines. [demonic ancestry]
   328 | D:1      | Reached XP level 2. HP: 20/22 MP: 2/2
   378 | D:1      | Reached skill level 3 in Axes
   781 | D:1      | Gained mutation: You have sharp toenails. [demonic ancestry]
   781 | D:1      | Reached XP level 3. HP: 26/28 MP: 3/3
  1047 | D:2      | Learned a level 2 spell: Blink
  1121 | D:2      | Found a shadowy altar of Dithmenos.
  1142 | D:2      | Noticed Terence
  1150 | D:2      | Killed Terence
  1150 | D:2      | Reached skill level 1 in Armour
  1195 | D:2      | Slain by a worm

Vault maps used:
D:1:      sevenhm_arrival_forest_fort_large_2, minmay_door_square
D:2:      nicolae_dithmenos_through_a_glass_darkly, serial_park_tiny_1,
          uniq_terence, uniq_crazy_yiuf_cottage

Action                   || total
-------------------------++-------
Melee: War axe           ||    62
  Eat: Fruit             ||     1
